 Dungeon Crawl Stone Soup version 0.31.0-32-g396128a36d (webtiles) character file.

Game seed: 4321145030070915044

97 monsoonserge the Ruffian (level 4, 0/51 HPs)
             Began as a Gnoll Shapeshifter on Mar 24, 2024.
             Was a Believer of Cheibriados.
             Slain by an orc
             ... wielding a +0 flail
              (5 damage)
             ... on level 3 of the Dungeon.
             The game lasted 00:03:38 (1165 turns).

monsoonserge the Ruffian (Gnoll Shapeshifter)       Turns: 1165, Time: 00:03:38

Health: 0/51       AC: 22    Str: 20    XL:     4   Next: 68%
Magic:  5/5        EV:  2    Int: 14    God:    Cheibriados [**....]
Gold:   124        SH:  0    Dex: 17    Spells: 5/5 levels left

rFire   . .          .
                       - Unarmed
rCold   . . .        (no shield)
rNeg    . . .        i - melded +0 ring mail
rPois   +            (helmet currently unavailable)
rElec   .            (cloak currently unavailable)
rCorr   .            (gloves currently unavailable)
SInv    .            (boots currently unavailable)
Will    +....        (no amulet)
Stlth   ++           m - ring of willpower
HPRegen 0.28/turn    (no ring)
MPRegen 0.09/turn

%: no passive effects
@: tree-form, very slow
A: stationary, stasis, torment immunity, boosted hp, (fangs 1), strong nose,
distributed training
a: Renounce Religion, Bend Time


You were on level 3 of the Dungeon.
You worshipped Cheibriados.
Cheibriados was pleased with you.
You were a tree.
You visited 1 branch of the dungeon, and saw 3 of its levels.

You collected 124 gold pieces.

Inventory:

Armour
 g - a +0 leather armour
 h - a +0 chain mail
 i - a +0 ring mail (melded)
Jewellery
 m - a ring of willpower (left branch)
Talismans
 c - a beast talisman
 d - a flux talisman
Scrolls
 e - a scroll of revelation {unknown}
 f - 2 scrolls of identify {unknown}
 k - a scroll of butterflies {unknown}
 n - a scroll of teleportation {unknown}
Potions
 a - a potion of invisibility {unknown}
 j - a potion of brilliance {unknown}
 l - a potion of degeneration {unknown}
 o - a potion of attraction {unknown}


   Skills:
 + Level 2.8 Fighting
 + Level 1.2 Short Blades
 + Level 1.2 Long Blades
 + Level 1.2 Axes
 + Level 1.2 Maces & Flails
 + Level 1.2 Polearms
 + Level 1.2 Staves
 + Level 1.2 Ranged Weapons
 + Level 1.2 Throwing
 + Level 1.2 Armour
 + Level 4.7 Dodging
 + Level 1.2 Stealth
 + Level 1.2 Shields
 + Level 6.6 Unarmed Combat
 + Level 1.2 Spellcasting
 + Level 1.0 Conjurations
 + Level 1.0 Hexes
 + Level 1.0 Summonings
 + Level 1.0 Necromancy
 + Level 1.0 Translocations
 + Level 1.0 Fire Magic
 + Level 1.0 Ice Magic
 + Level 1.0 Air Magic
 + Level 1.0 Earth Magic
 + Level 1.0 Alchemy
 + Level 1.4 Invocations
 + Level 1.2 Evocations
 + Level 6.6 Shapeshifting


You had 5 spell levels left.
You didn't know any spells.
Your spell library contained the following spells:

 Spells                   Type           Power      Damage    Failure   Level
 Apportation              Tloc           6%         N/A       17%         1
 Necrotise                Necr           12%        1d4       17%         1
 Sting                    Conj/Alch      12%        1d3       17%         1
 Summon Small Mammal      Summ           12%        N/A       17%         1
 Ensorcelled Hibernation  Hex/Ice        6%         N/A       26%         2
 Passwall                 Erth           3%         N/A       45%         3
 Swiftness                Air            3%         N/A       45%         3


Dungeon Overview and Level Annotations

Branches:
Dungeon (3/15)

Altars:
Cheibriados
Vehumet
Wu Jian


Innate Abilities, Weirdness & Mutations

You are a tree.
Your roots penetrate the ground, keeping you stationary.
You cannot be teleported.
You are immune to unholy pain and torment.
Your maximum health is greatly increased.
Your equipment is partially melded.
((You have very sharp teeth.))
Your uncanny sense of smell can sniff out nearby items.
Your experience applies equally to all skills.


Message History

The goblin barely misses you.
You hit the goblin.
You kill the goblin!
Cheibriados appreciates the change of pace.
You punch the ribbon worm!
The ribbon worm is severely wounded.
The orc wizard casts a spell.
The orc wizard flickers and vanishes!
Deactivating autopickup; reactivate with Ctrl-A.
The ribbon worm misses you.
Unknown command.
You completely miss the orc priest.
The ribbon worm bites you but does no damage.
The orc priest hits you but does no damage.
You hit the orc priest.
You bite the orc priest, but do no damage.
The orc priest is lightly wounded.
Unknown command.
You hit the orc priest.
The orc priest is moderately wounded.
The orc priest barely misses you. The ribbon worm bites you.
You hit the orc priest but do no damage.
The orc priest is moderately wounded.
The orc priest hits you with a +0 short sword.
* * * LOW HITPOINT WARNING * * *
Something hits you.
* * * LOW HITPOINT WARNING * * *
The ribbon worm bites you.
* * * LOW HITPOINT WARNING * * *
Your transformation has ended.
You turn into a tree.
Your +0 ring mail melds into your body.
Your roots penetrate the ground.
The orc priest hits you but does no damage.
Something hits you but does no damage. The orc hits you but does no damage.
The ribbon worm bites you but does no damage.
You hit the orc priest.
The orc priest is moderately wounded.
The orc priest hits you but does no damage.
Something hits you but does no damage. The orc hits you with a +0 flail.
You die...

~~~# #....†......#####
~~~~~~###............)..
.~~...............#.##.#.
~~................#.# ...
....~~............[......
..~~..~...........#....♣♣
~~....~............... .♣
...⌠~~.w.............. ..
..~~⌠..o♣...###....... ♣.
.~....~o).......#..... ..
.~..~~..~............. ♣.
..~~....~............ ..
......~~........... .♣
.....~~....###..#. ♣♣
#~~~~~~###.. .... ..
##~~~~# ##.# ... .. #####
.. ..


You could see a ribbon worm, an orc priest and an orc.

Vanquished Creatures
  An orc priest (D:3)
  An orc wizard (D:3)
  A dart slug (D:3)
  3 orcs (D:3)
  2 ball pythons
  3 endoplasms
  2 giant cockroaches
  5 hobgoblins
  2 kobolds
  3 bats
  2 frilled lizards (D:1)
  7 goblins
  4 rats
36 creatures vanquished.

Notes
Turn   | Place    | Note
-------+----------+-------------------------------------------
     0 | D:1      | monsoonserge the Gnoll Shapeshifter began the quest for the
                  | Orb.
     0 | D:1      | Reached XP level 1. HP: 17/17 MP: 1/1
   368 | D:1      | Reached XP level 2. HP: 23/23 MP: 2/2
   469 | D:2      | Found a faded altar of an unknown god.
   473 | D:2      | Prayed at the altar of an unknown god.
   473 | D:2      | Became a worshipper of Cheibriados the Contemplative
   473 | D:2      | Reached * piety under Cheibriados
   905 | D:3      | Found an ornate altar of the Wu Jian Council.
   915 | D:3      | Reached ** piety under Cheibriados
   920 | D:3      | HP: 1/23 [something (4)]
   928 | D:3      | Reached skill level 1 in Short Blades
   928 | D:3      | Reached skill level 1 in Long Blades
   928 | D:3      | Reached skill level 1 in Axes
   928 | D:3      | Reached skill level 1 in Maces & Flails
   928 | D:3      | Reached skill level 1 in Polearms
   928 | D:3      | Reached skill level 1 in Staves
   928 | D:3      | Reached skill level 1 in Ranged Weapons
   928 | D:3      | Reached skill level 1 in Throwing
   928 | D:3      | Reached skill level 1 in Armour
   928 | D:3      | Reached skill level 1 in Stealth
   928 | D:3      | Reached skill level 1 in Shields
   928 | D:3      | Reached skill level 1 in Spellcasting
   928 | D:3      | Reached skill level 1 in Invocations
   928 | D:3      | Reached skill level 1 in Evocations
   928 | D:3      | Reached XP level 3. HP: 17/28 MP: 2/4
   938 | D:3      | Reached skill level 1 in Conjurations
   938 | D:3      | Reached skill level 1 in Hexes
   938 | D:3      | Reached skill level 1 in Summonings
   938 | D:3      | Reached skill level 1 in Necromancy
   938 | D:3      | Reached skill level 1 in Translocations
   938 | D:3      | Reached skill level 1 in Fire Magic
   938 | D:3      | Reached skill level 1 in Ice Magic
   938 | D:3      | Reached skill level 1 in Air Magic
   938 | D:3      | Reached skill level 1 in Earth Magic
   938 | D:3      | Reached skill level 1 in Alchemy
   938 | D:3      | Reached XP level 4. HP: 19/34 MP: 2/5
  1049 | D:3      | Found a radiant altar of Vehumet.
  1165 | D:3      | Slain by an orc

Illustrated notes

Levels and vault maps discovered:
D:1:      eino_arrival_druids_welcome, layout_basic
D:2:      layout_rooms, hellmonk_ecumenical_altar_heavens_door
D:3:      cheibrodos_helix_gallery, layout_basic,
          nicolae_wu_jian_immortal_techniques, lemuel_round_altar,
          mainiacjoe_overflow_small_starburst

Skill      XL: |  1  2  3 |
---------------+----------+-----
Short Blades   | 1 |  1.2
Long Blades    | 1 |  1.2
Axes           | 1 |  1.2
Maces & Flails | 1 |  1.2
Polearms       | 1 |  1.2
Staves         | 1 |  1.2
Ranged Weapons | 1 |  1.2
Throwing       | 1 |  1.2
Armour         | 1 |  1.2
Stealth        | 1 |  1.2
Shields        | 1 |  1.2
Spellcasting   | 1 |  1.2
Invocations    | 1 |  1.4
Evocations     | 1 |  1.2
Conjurations   | 1 |  1.0
Hexes          | 1 |  1.0
Summonings     | 1 |  1.0
Necromancy     | 1 |  1.0
Translocations | 1 |  1.0
Fire Magic     | 1 |  1.0
Ice Magic      | 1 |  1.0
Air Magic      | 1 |  1.0
Earth Magic    | 1 |  1.0
Alchemy        | 1 |  1.0
Fighting       | |  2.8
Dodging        | |  4.7
Unarmed Combat | |  6.6
Shapeshifting  | |  6.6

Action                     |  1- 3 |  4- 6 || total
---------------------------+-------+-------++-------
  Melee: Unarmed           |    61 |    27 ||    88
         Bite              |     4 |     4 ||     8
         Punch             |     1 |       ||     1
    Use: Potion            |     2 |     1 ||     3
 Armour: Animal skin       |     8 |       ||     8
         Skin              |     2 |     7 ||     9
         Ring mail         |    34 |    13 ||    47
         Leather armour    |     2 |       ||     2
  Dodge: Dodged            |    48 |    17 ||    65
